 Dungeon Crawl Stone Soup version 0.18.1-8-gdd0e5ea (webtiles) character file.

794 M4edhros the Quickloader (level 8, 0/85 HPs)
             Began as a Formicid Hunter on June 3, 2016.
             Slain by an ice beast (3 damage)
             ... on level 5 of the Dungeon.
             The game lasted 00:08:01 (3133 turns).

M4edhros the Quickloader (Formicid Hunter)          Turns: 3133, Time: 00:08:02

Health: 0/85       AC: 27    Str: 17    XL:     8   Next: 12%
Magic:  8/8        EV:  2    Int: 11    God:
Gold:   188        SH:  0    Dex: 18    Spells: 0 memorised, 7 levels left

rFire  . . .     SeeInvis .     u - +2 quarterstaff (chaos)
rCold  . . .     Gourm    .     (armour currently unavailable)
rNeg   + + +     Faith    .     (no shield)
rPois  +         Spirit   .     (helmet unavailable)
rElec  .         Dismiss  .     (cloak currently unavailable)
rCorr  .         Reflect  .     (gloves currently unavailable)
SustAt .         Harm     .     (boots currently unavailable)
MR     .....                    (no amulet)
Stlth  +++.......               (no ring)
                                C - +3 ring of protection

@: agile, tree-form, not resistant to hostile enchantments, fairly stealthy
A: permanent stasis, dig shafts and tunnels, four strong arms, (antennae 0)
a: no special abilities


You were on level 5 of the Dungeon.
You were very hungry.
You were a tree.
You visited 2 branches of the dungeon, and saw 6 of its levels.

You collected 218 gold pieces.
You spent 30 gold pieces at shops.

Inventory:

Hand Weapons
 a - a +1 hand crossbow
 b - a +0 short sword
 o - a +0 dagger of venom
 u - a +2 quarterstaff of chaos (weapon)
Missiles
 d - 25 bolts
Armour
 c - a +0 leather armour (melded)
 g - a +0 pair of gloves (melded)
 j - a troll hide {Purgy}
 v - a +0 cloak (melded)
 y - a cursed +0 pair of boots (melded)
Jewellery
 C - a +3 ring of protection (left branch)
Wands
 p - a wand of iceblast (9/15)
 E - a wand of slowing (6/48)
Scrolls
 e - 3 scrolls of teleportation
 l - 3 scrolls of remove curse
 q - 3 scrolls of magic mapping
 s - 2 scrolls of enchant weapon
 t - 2 scrolls of recharging
 w - a scroll of fog
 x - a scroll of immolation {unknown}
 B - 2 scrolls of silence {unknown}
 D - a scroll of amnesia {unknown}
Potions
 h - a potion of cure mutation
 n - a potion of berserk rage
Comestibles
 f - 3 bread rations
 k - 3 meat rations
 m - 2 beef jerkies
 A - 4 fruits


   Skills:
 * Level 2.9 Fighting
 * Level 1.2 Staves
 - Level 9.0 Crossbows
 * Level 2.3 Dodging
 - Level 1.2 Stealth


You had 7 spell levels left.
You didn't know any spells.

Dungeon Overview and Level Annotations

Branches:
Dungeon (5/15)             Temple (1/1) D:5

Altars:
Elyvilon
Fedhas
Gozag
Kikubaaqudgha
Okawaru
Pakellas
Qazlal
Ru
Vehumet
Xom
Zin
The Shining One

Shops:
D:4 (%!=   D:5 =


Innate Abilities, Weirdness & Mutations

You are under a permanent stasis effect.
You can dig through walls and to a lower floor.
Your four strong arms can wield two-handed weapons with a shield.
((You have a pair of large antennae on your head (SInv).))


Message History

The ice beast misses you.
You barely miss the ice beast.
The ice beast is heavily wounded.
The ice beast hits you.
* * * LOW HITPOINT WARNING * * *
The ice beast freezes you!
* * * LOW HITPOINT WARNING * * *
Drink which item? (? for menu, Esc to quit)
You turn into a tree.
Your +0 cloak melds into your body.
Your +0 pair of gloves melds into your body.
Your cursed +0 pair of boots melds into your body.
Your +0 leather armour melds into your body.
Your roots penetrate the ground.
The ice beast hits you but does no damage.
You closely miss the ice beast.
The ice beast is heavily wounded.
You feel sick.
You are no longer poisoned.
The ice beast hits you.
You die...

#.###......#.#..#
.........#.......
###..............o
#.###.#.....#... #
#.###.#......... ..#.
#.[.).......#.>o #.#.####
#.#####.......o. ...
#....$.###Y#####)........
....
#.......♣.......#.######
....##...............#.#
.....................###
......#.#...##########
.....#.#.#†.#####
....#.#.#.#.....(.
.....#.>.#........
....#.#.#.#.......
.....#.#.#........


You could see an ice beast.

Vanquished Creatures
  Purgy (D:3)
  An ice beast (D:5)
  2 ogres (D:5)
  A giant frog (D:4)
  A howler monkey (D:5)
  Crazy Yiuf (D:2)
  2 orc wizards (D:5)
  3 worker ants (D:4)
  4 gnolls (D:3)
  5 adders
  A shadow imp (D:5)
  An adder skeleton (D:4)
  An adder zombie (D:5)
  A worm (D:3)
  2 dart slugs (D:2)
  6 giant geckos
  8 orcs
  3 ball pythons
  7 giant cockroaches
  4 goblins
  2 hobgoblins
  3 jackals (D:2)
  9 kobolds
  6 quokkas
  7 bats
  3 giant newts
  3 rats
88 creatures vanquished.

Notes
Turn   | Place    | Note
--------------------------------------------------------------
     0 | D:1      | M4edhros the Formicid Hunter began the quest for the Orb.
     0 | D:1      | Reached XP level 1. HP: 16/16 MP: 1/1
   132 | D:1      | Reached XP level 2. HP: 22/22 MP: 2/2
   356 | D:1      | Reached XP level 3. HP: 19/27 MP: 3/3
   574 | D:2      | Reached skill level 5 in Crossbows
  1075 | D:2      | Noticed Crazy Yiuf
  1078 | D:2      | Killed Crazy Yiuf
  1078 | D:2      | Reached XP level 4. HP: 33/33 MP: 4/4
  1369 | D:3      | Reached skill level 6 in Crossbows
  1369 | D:3      | Reached XP level 5. HP: 4/38 MP: 5/5
  1572 | D:3      | Noticed Purgy
  1583 | D:3      | Killed Purgy
  1583 | D:3      | Reached skill level 7 in Crossbows
  1583 | D:3      | Reached XP level 6. HP: 44/44 MP: 6/6
  2146 | D:4      | Found Qedgh's Food Emporium.
  2232 | D:4      | Found Mihicapa's Weapon Shop.
  2485 | D:4      | Reached XP level 7. HP: 30/50 MP: 7/7
  2741 | D:4      | Reached skill level 8 in Crossbows
  2745 | D:4      | Found Cianah's Jewellery Boutique.
  2782 | D:4      | Found Zoschaun's Distillery.
  2796 | D:4      | Bought a potion of mutation for 30 gold pieces
  2796 | D:4      | Gained mutation: You have large cloven feet. [potion of mutation]
  2796 | D:4      | Gained mutation: Your magical capacity is low (-10% MP). [potion of mutation]
  2796 | D:4      | Gained mutation: You possess an exceptional clarity of mind. [potion of mutation]
  2846 | D:5      | Entered Level 5 of the Dungeon
  2909 | D:5      | Found Ceniyta's Jewellery Shoppe.
  2960 | D:5      | Lost mutation: You have large cloven feet. [potion of cure mutation]
  2960 | D:5      | Lost mutation: You possess an exceptional clarity of mind. [potion of cure mutation]
  2960 | D:5      | Lost mutation: Your magical capacity is low (-10% MP). [potion of cure mutation]
  2982 | D:5      | Reached skill level 9 in Crossbows
  3013 | D:5      | Found a staircase to the Ecumenical Temple.
  3023 | Temple   | Entered the Ecumenical Temple
  3091 | D:5      | Reached skill level 1 in Staves
  3091 | D:5      | Reached XP level 8. HP: 44/57 MP: 8/8
  3131 | D:5      | HP: 2/57 [ice beast (8)]
  3133 | D:5      | Slain by an ice beast

Skill      XL: |  1  2  3  4  5  6  7 |
---------------+----------------------+-----
Crossbows      | 5 6 7 9 |  9.0
Staves         | 1 |  1.2
Dodging        | 2 |  2.3
Fighting       | |  2.9
Stealth        | |  1.2

Action                   |  1- 3 |  4- 6 |  7- 9 || total
-------------------------+-------+-------+-------++-------
Melee: Quarterstaff      |       |    64 |   103 ||   167
 Fire: Hand crossbow     |    72 |    17 |       ||    89
Evoke: Wand              |       |     1 |     3 ||     4
  Use: Potion            |       |     2 |     9 ||    11
       Scroll            |       |     8 |     2 ||    10
 Stab: Sleeping          |       |     1 |       ||     1
       Confused          |       |       |     1 ||     1
  Eat: Chunk             |       |     5 |     1 ||     6
Armor: Leather armour    |    18 |    21 |    35 ||    74
       Skin              |       |    33 |    32 ||    65
Dodge: Dodged            |    16 |    47 |    57 ||   120
